 Dungeon Crawl Stone Soup version 0.30-a0-458-g86641cc369 (webtiles) character file.

Game seed: 2845996358363344062

6819 Jackthecabe the Destroyer (level 10, -3/77 HPs)
             Began as a Demigod Conjurer on Dec 15, 2022.
             Slain by a wyvern (18 damage)
             ... on level 8 of the Dungeon.
             The game lasted 00:21:09 (11039 turns).

Jackthecabe the Destroyer (Demigod Conjurer)       Turns: 11039, Time: 00:21:10

Health: -3/77      AC:  4    Str:  8    XL:     10   Next: 48%
Magic:  10/19      EV: 12    Int: 38    God:
Gold:   344        SH:  5    Dex: 12    Spells: 6/17 levels left

rFire   . . .      SeeInvis .    d - staff of conjuration {!a}
rCold   . . .      Faith    .    (no shield)
rNeg    . . .      Spirit   .    a - +0 robe
rPois   .          Reflect  +    h - +0 helmet
rElec   .          Harm     .    v - +0 cloak
rCorr   +          Rampage  .    (no gloves)
Will    +....                    (no boots)
Stlth   ++........               p - amulet of reflection
HPRegen 0.32/turn                I - +6 ring of intelligence
MPRegen 0.16/turn                R - ring of resist corrosion

@: studying Evocations
A: high MP 1, forlorn, divine attributes
a: no special abilities


You were on level 8 of the Dungeon.
You visited 1 branch of the dungeon, and saw 8 of its levels.

You collected 344 gold pieces.


Innate Abilities, Weirdness & Mutations

You have an increased reservoir of magic. (+10% MP)
You shall have no god before yourself.
Your divine heritage dramatically boosts your attributes as you level up.


   Skills:
 - Level 3.0 Fighting
 - Level 6.0 Staves
 + Level 2.0 Armour
 - Level 1.7 Dodging
 - Level 1.7 Stealth
 - Level 4.0 Spellcasting
 - Level 8.0 Conjurations
 - Level 6.0 Hexes
 - Level 6.0 Poison Magic
 - Level 6.0 Evocations


You had 6 spell levels left.
You knew the following spells:

 Your Spells              Type           Power      Damage    Failure   Level
f - Fulminant Prism       Conj/Hex       37%        3d17      1%          4
m - Magic Dart            Conj           100%       1d8       1%          1
o - Olgreb's Toxic Radia  Pois           52%        N/A       3%          4
s - Searing Ray           Conj           100%       2d8       1%          2

Your spell library contained the following spells:

 Spells                   Type           Power      Damage    Failure   Level
 Shock                    Conj/Air       100%       1d9       1%          1
 Sting                    Tmut/Pois      100%       1d8       1%          1
 Poisonous Vapours        Pois/Air       60%        N/A       1%          2
 Dazzling Flash           Conj/Hex       100%       N/A       1%          3
 Stone Arrow              Conj/Erth      100%       3d13      2%          3
 Sandblast                Erth           14%        2d6       3%          1
 Passwall                 Tmut/Erth      5%         N/A       5%          2
 Iskenderun's Mystic Bla  Conj/Tloc      54%        2d12      7%          4
 Ozocubu's Armour         Ice            7%         N/A       11%         3
 Swiftness                Air            7%         N/A       11%         3
 Metabolic Englaciation   Hex/Ice        15%        N/A       30%         5
 Airstrike                Air            3%         2d(1-17)  36%         4
 Simulacrum               Ice/Necr       3%         N/A       99%         6

Inventory:

Missiles
 C - 9 poisoned darts
Armour
 a - a +0 robe (worn)
 h - a +0 helmet (worn)
 v - a +0 cloak (worn)
 D - a +0 buckler
Magical Staves
 d - a staff of conjuration (weapon) {!a}
 y - a staff of fire {!a}
Jewellery
 p - an amulet of reflection (around neck)
 I - a +6 ring of intelligence (left hand)
 R - a ring of resist corrosion (right hand)
Wands
 o - a wand of charming (24)
 u - a wand of mindburst (8)
 F - a wand of light (12)
Scrolls
 c - 2 scrolls of blinking {unknown}
 i - 2 scrolls of teleportation {@r2}
 j - a scroll of enchant weapon {unknown}
 l - 3 scrolls of amnesia {unknown}
 q - 5 scrolls of poison
 r - a scroll of immolation
 t - 2 scrolls of fear {unknown}
 w - a scroll of torment {unknown}
 x - a scroll of brand weapon {unknown}
 A - a scroll of enchant armour {unknown}
 B - 2 scrolls of identify {@r1}
Potions
 b - a potion of magic
 e - a potion of attraction {unknown}
 f - a potion of might {unknown}
 g - a potion of mutation {unknown}
 k - 3 potions of heal wounds {unknown}
 m - a potion of cancellation
 n - a potion of curing {unknown}
 s - 3 potions of berserk rage {!q}
 z - a potion of invisibility

Dungeon Overview and Level Annotations

Branches:
Dungeon (8/15)             Temple (0/1) D:6
   Lair: D:8-11

Shops:
D:5 [ D:6

* ############
#.@l........ #.##########
#.# #.. #.# #.# #.# #.#
#######.# #.# #.......#
#.#
#.##########.############
#.#..>..............#....


You could see a wyvern (extremely poisoned).


Message History

The wyvern is moderately wounded.
The wyvern bites you! The wyvern bites you!!
* * * LOW HITPOINT WARNING * * *
You are too injured to fight recklessly!
Casting: Magic Dart (safe; 1% risk of failure)
Confirm with . or Enter, or press ? or * to list all spells.
You begin to radiate toxic energy.
The wyvern is poisoned.
The wyvern looks even sicker.
The wyvern bites you!
* * * LOW HITPOINT WARNING * * *
Unknown command.
Okay, then.
Okay, then.
Aiming: Charm
Press: ? - help, Shift-Dir - straight line, f/p - wyvern
Aim: a wyvern (moderately wounded, very poisoned, chance to affect: 64%) Really charm the wyvern while emitting a toxic aura?
Okay, then.
The wyvern misses you.
The wyvern looks even sicker.
Throw: dart (curare) {=f}
Press: ? - help, Shift-Dir - straight line, f/p - wyvern
Aim: a wyvern (heavily wounded, very poisoned, 57% to hit)
You throw a curare-tipped dart {=f}.
The curare-tipped dart {=f} closely misses the wyvern.
The wyvern looks as sick as possible!
Your toxic aura wanes.
You block the wyvern's attack.
The wyvern hisses menacingly.
The wyvern bites you!!
You die...

Skill      XL: |  1  2  3  4  5  6  7  8  9 10 |
---------------+-------------------------------+-----
Spellcasting   | 2 3 4 |  4.0
Conjurations   | 4 6 7 8 |  8.0
Hexes          | 1 2 5 6 |  6.0
Poison Magic   | 3 6 |  6.0
Evocations     | 6 |  6.0
Staves         | 2 6 |  6.0
Fighting       | 3 |  3.0
Armour         | 2 |  2.0
Dodging        | |  1.7
Stealth        | |  1.7

Action                   |  1- 3 |  4- 6 |  7- 9 | 10-12 || total
-------------------------+-------+-------+-------+-------++-------
Melee: Staff             |    10 |     7 |     5 |     7 ||    29
       Punch             |       |       |     1 |       ||     1
Throw: Dart              |       |       |       |     1 ||     1
 Cast: Magic Dart        |    51 |    49 |   125 |    39 ||   264
       Searing Ray       |     4 |     9 |    37 |    15 ||    65
       Fulminant Prism   |       |     3 |     9 |     5 ||    17
       Olgreb's Toxic Ra |       |       |    26 |    12 ||    38
  Use: Scroll            |       |       |     6 |       ||     6
Armor: Robe              |     1 |     3 |    13 |       ||    17
Dodge: Dodged            |     8 |    15 |    43 |     9 ||    75
Block: Other             |       |       |    14 |     9 ||    23
       Reflection        |       |       |     1 |     1 ||     2

Levels and vault maps discovered:
D:1:      roderic_dead_forest, layout_rooms
D:2:      layout_basic, shapermc_ecumenical_altar_pompeii,
          dreamdust_princess_corridor, guppyfry_early_lair_pool
D:3:      layout_basic, grunt_dithmenos_smoke, lemuel_zombie_altar_yredelemnul
D:4:      layout_basic, mainiacjoe_overflow_cross_hatched,
          kennysheep_generic_room_13, uniq_ijyb, uniq_pikel
D:5:      minmay_octagon_keep, layout_cave_pools, nicolae_uskayaw_dance_hall,
          fedhas_altar_4, serial_shops, shop_statue, shop
D:6:      minmay_angry_zag, layout_loops_corners,
          nicolae_ru_great_annihilating_truth, zin_statuary,
          grunt_gozag_breadcrumbs, minmay_temple_entry_drinking_statues,
          serial_shops, nicolae_diamond_shop
D:7:      layout_cave_pods, mainiacjoe_overflow_24_doors, minmay_manual_mess
D:8:      layout_basic, grunt_temple_overflow_open, okawaru_gym_becter,
          david_lair_generic, david_defended_altar_orc, uniq_psyche

Notes
Turn   | Place    | Note
-------+----------+-------------------------------------------
     0 | D:1      | Jackthecabe the Demigod Conjurer began the quest for the
                  | Orb.
     0 | D:1      | Reached XP level 1. HP: 14/14 MP: 5/5
    67 | D:1      | Reached skill level 2 in Spellcasting
   373 | D:1      | Reached XP level 2. HP: 20/20 MP: 3/7
   376 | D:1      | Learned a level 2 spell: Searing Ray
   937 | D:2      | Reached skill level 4 in Conjurations
  1166 | D:2      | Reached skill level 1 in Hexes
  1166 | D:2      | Reached XP level 3. HP: 20/26 MP: 1/9
  1730 | D:3      | Reached XP level 4. HP: 23/33 MP: 1/10
  2310 | D:4      | Noticed Ijyb
  2342 | D:4      | Reached skill level 3 in Spellcasting
  2342 | D:4      | Reached skill level 2 in Hexes
  2351 | D:4      | Killed Ijyb
  2470 | D:4      | Reached XP level 5. HP: 38/38 MP: 10/12
  2773 | D:4      | Reached skill level 5 in Conjurations
  2773 | D:4      | Reached skill level 3 in Hexes
  3316 | D:4      | Noticed Pikel
  3378 | D:3      | Learned a level 4 spell: Fulminant Prism
  3529 | D:4      | Killed Pikel
  3530 | D:4      | Reached skill level 6 in Conjurations
  3530 | D:4      | Reached skill level 5 in Hexes
  3530 | D:4      | Reached XP level 6. HP: 30/45 MP: 2/13
  3530 | D:4      | Reached XP level 7. HP: 34/50 MP: 2/14
  3627 | D:4      | Learned a level 4 spell: Olgreb's Toxic Radiance
  3888 | D:5      | Entered Level 5 of the Dungeon
  3894 | D:5      | Reached skill level 1 in Poison Magic
  4037 | D:5      | Reached skill level 2 in Poison Magic
  4295 | D:5      | Reached skill level 6 in Hexes
  4295 | D:5      | Reached skill level 3 in Poison Magic
  4351 | D:5      | Reached XP level 8. HP: 57/57 MP: 5/15
  4438 | D:5      | Found Hyetwet's Armour Boutique.
  4627 | D:5      | Found Vanoli's Antique Armour Shop.
  4805 | D:5      | Reached skill level 4 in Poison Magic
  5311 | D:5      | Reached skill level 5 in Poison Magic
  5579 | D:5      | Reached skill level 6 in Poison Magic
  6114 | D:6      | Reached skill level 7 in Conjurations
  6351 | D:6      | Reached XP level 9. HP: 62/62 MP: 7/16
  6413 | D:6      | Reached skill level 8 in Conjurations
  6507 | D:6      | Found Rumpuo Ycly's Assorted Antiques.
  6736 | D:6      | Reached skill level 1 in Evocations
  6962 | D:6      | Reached skill level 2 in Evocations
  7141 | D:6      | Reached skill level 3 in Evocations
  7489 | D:6      | Found a staircase to the Ecumenical Temple.
  7766 | D:6      | Reached skill level 4 in Evocations
  8142 | D:7      | Reached skill level 4 in Spellcasting
  8464 | D:7      | Reached skill level 5 in Evocations
  9040 | D:7      | Noticed a two-headed ogre
  9050 | D:7      | Killed a two-headed ogre
  9051 | D:7      | Reached skill level 6 in Evocations
  9051 | D:7      | Reached skill level 2 in Staves
  9051 | D:7      | Reached XP level 10. HP: 69/69 MP: 7/19
  9072 | D:7      | Reached skill level 3 in Staves
  9382 | D:7      | Noticed a cyclops
  9394 | D:7      | Reached skill level 4 in Staves
  9489 | D:7      | Killed a cyclops
  9784 | D:7      | Reached skill level 5 in Staves
 10037 | D:8      | Noticed a two-headed ogre
 10052 | D:8      | Killed a two-headed ogre
 10053 | D:8      | Reached skill level 6 in Staves
 10053 | D:8      | Reached skill level 1 in Fighting
 10416 | D:8      | Reached skill level 2 in Fighting
 10588 | D:8      | Reached skill level 3 in Fighting
 10775 | D:8      | Reached skill level 1 in Armour
 10986 | D:8      | Reached skill level 2 in Armour
 11039 | D:8      | Slain by a wyvern

Vanquished Creatures
  2 two-headed ogres
  Pikel (D:4)
  A cyclops (D:7)
  A hornet (D:6)
  A wraith (D:7)
  2 steam dragons
  5 water moccasins
  2 sky beasts
  3 ice beasts (D:6)
  4 black bears
  3 ogres
  2 phantoms
  4 lemures (D:4)
  2 kobold brigands (D:8)
  A bullfrog (D:7)
  2 gnoll sergeants
  2 necrophages
  3 scorpions
  8 wights
  6 killer bees (D:7)
  3 howler monkeys
  3 jellies
  2 hounds
  8 orc priests
  2 gnoll boudas
  4 iguanas
  Ijyb (D:4)
  4 orc wizards
  A scorpion zombie (D:3)
  8 adders
  20 gnolls
  2 shadow imps
  5 white imps
  4 ufetubi
  A worm (D:2)
  2 dart slugs
  16 orcs
  2 bats
  7 endoplasms
  2 giant cockroaches
  4 goblins
  2 hobgoblins
  7 quokkas
  6 ball pythons
  2 frilled lizards
  A giant cockroach zombie (D:3)
  11 kobolds
  5 rats
190 creatures vanquished.

Vanquished Creatures (others)
  17 fulminant prisms
17 creatures vanquished.

Grand Total: 207 creatures vanquished

Table legend: (Time is in decaauts)
 A = Elapsed time spent in this place.
 B = Non-inter-level travel time spent in this place.
 C = Inter-level travel time spent in this place.
 D = Time resting spent in this place.
 E = Time spent auto-exploring this place.
 F = Levels seen in this place.
 G = Mean time per level.
                   A        B        C        D        E       F      G
               +--------+--------+--------+--------+--------+-----+--------+
         Total |  11062 |  10655 |    407 |   2295 |   6957 |   8 | 1382.8 |
       Dungeon |  11062 |  10655 |    407 |   2295 |   6957 |   8 | 1382.8 |
               +--------+--------+--------+--------+--------+-----+--------+

Top non-repeatable levels by time:
     D:6: 2255 daAuts
     D:7: 2147 daAuts
     D:4: 1766 daAuts
     D:5: 1537 daAuts
     D:3: 952 daAuts
     D:2: 883 daAuts
     D:8: 840 daAuts
     D:1: 681 daAuts

Table legend:
 A = Non-vault XP
 B = Vault XP
 C = Vault XP percentage of total XP
 D = Non-vault monster count
 E = Vault monster count
 F = Vault count percentage of total count
                 A         B        C        D         E       F
            +---------+---------+-------+---------+---------+-------
      Total |    5995 |    3747 |  38.5 |     152 |      34 |  18.3
            +---------+---------+-------+---------+---------+-------
        D:1 |      20 |       0 |   0.0 |      12 |       0 |   0.0
        D:2 |      37 |       0 |   0.0 |      14 |       0 |   0.0
        D:3 |      64 |      36 |  36.0 |       8 |       2 |  20.0
        D:4 |     223 |     656 |  74.6 |      16 |       3 |  15.8
        D:5 |     756 |     835 |  52.5 |      23 |      11 |  32.4
        D:6 |    1753 |     202 |  10.3 |      25 |       8 |  24.2
        D:7 |    1343 |    1886 |  58.4 |      28 |       7 |  20.0
        D:8 |    1799 |     132 |   6.8 |      26 |       3 |  10.3
            +---------+---------+-------+---------+---------+-------
